 Dungeon Sprint DCSS version 0.17-a0-1403-g9df874c (webtiles) character file.

67193 Kidiri the Imperceptible (level 14, -3/88 HPs)
             Began as a Spriggan Enchanter on June 20, 2015.
             Was the Champion of Dithmenos.
             Slain by Mennas
             ... wielding a +2 eudemon blade of holy wrath
              (11 damage)
             ... in the Dungeon (Sprint III: "The Ten Rune Challenge").
             The game lasted 01:12:49 (9264 turns).

Kidiri the Imperceptible (Spriggan Enchanter)       Turns: 9264, Time: 01:12:51

Health: -3/88      AC: 10    Str: 13    XL:     14   Next: 33%
Magic:  0/48       EV: 38    Int: 19    God:    Dithmenos [******]
Gold:   5473       SH:  0    Dex: 25    Spells: 14 memorised, 1 level left

rFire  . . .     SeeInvis +     P - +6 rapier (protect)
rCold  + . .     Clarity  .     f - +2 robe {rN+}
rNeg   + . .     SustAt   .     (shield restricted)
rPois  +         Gourm    .     s - +2 hat
rElec  .         Spirit   +     (no cloak)
rCorr  .         Warding  .     (gloves unavailable)
rMut   .         NoTele   +     (boots unavailable)
MR     ++++.                    B - amulet of guardian spirit
Stlth  ..........               i - ring "Takepran" {rPois MR++ MP+9 Dex+6}
                                y - ring of Apuss {*Contam +Fly rC+ Str+2}

@: berserking, silenced, very quick, incredibly resistant to hostile
enchantments, extremely unstealthy
A: unfitting armour, fangs 1, see invisible, deformed body, herbivore 3, speed
3, slow metabolism 2, strong 1, subdued magic 1
a: Renounce Religion, Evoke Flight
}: 1/10 runes: barnacled


You were in the Dungeon.
You worshipped Dithmenos.
Dithmenos was exalted by your worship.
You were not hungry.

You visited 1 branch You collected 6203 gold pieces.
You spent 730 gold pieces at shops.

Inventory:

Hand weapons
 O - a +6 quick blade
 P - a +6 rapier of protection (weapon)
Missiles
 t - 15 throwing nets (quivered)
Armour
 f - a +2 robe of positive energy (worn)
 l - a +1 robe of magic resistance
 s - a +2 hat (worn)
 D - a +2 robe of poison resistance
 J - a +2 robe of poison resistance
Jewellery
 a - an uncursed ring of stealth
 i - the ring "Takepran" (right hand) {rPois MR++ MP+9 Dex+6}
   (You bought it in a shop in the Dungeon)

   [ring of magical power]

   It affects your dexterity (+6).
   It protects you from poison.
   It affects your resistance to hostile enchantments.
   It affects your magic capacity (+9).
 y - the ring of Apuss (left hand) {*Contam +Fly rC+ Str+2}
   (You found it in the Dungeon)

   [ring of flight]

   It affects your strength (+2).
   It protects you from cold.
   It lets you fly.
   It causes magical contamination when unequipped.
 z - an uncursed ring of positive energy
 B - an amulet of guardian spirit (around neck)
 K - an uncursed ring of protection from magic
 L - the ring of Eruegoq {SustAt *Confuse rF+ MP+9 Dex-5}
   (You found it in the Dungeon)

   [ring of sustain attributes]

   It sustains your strength, intelligence and dexterity.
   It affects your dexterity (-5).
   It protects you from fire.
   It affects your magic capacity (+9).
   It may confuse you when you take damage.
Magical devices
 x - a wand of confusion (32)
 E - a wand of cold (6)
Scrolls
 h - a scroll of remove curse {unknown}
 m - 2 scrolls of torment
 n - a scroll of fog
 r - a scroll of immolation {unknown}
 A - 2 scrolls of silence {unknown}
 C - 2 scrolls of amnesia {unknown}
Potions
 d - a potion of cancellation {unknown}
 g - 2 potions of haste
 p - 2 potions of cure mutation
 q - 2 potions of flight
 u - a potion of brilliance {unknown}
 v - a potion of ambrosia {unknown}
Books
 b - a book of Annihilations {highlevel}

   Spells                             Type                      Level
   a - Poison Arrow                   Conjuration/Poison           6
   b - Chain Lightning                Conjuration/Air              8
   c - Lehudib's Crystal Spear        Conjuration/Earth            8
   d - Glaciate                       Conjuration/Ice              9
   e - Fire Storm                     Conjuration/Fire             9
 F - a book of Ice

   Spells                             Type                      Level
   a - Ice Form                       Ice/Transmutation            4
   b - Metabolic Englaciation         Hexes/Ice                    5
   c - Ozocubu's Refrigeration        Ice                          6
   d - Bolt of Cold                   Conjuration/Ice              6
   e - Freezing Cloud                 Conjuration/Ice/Air          6
   f - Simulacrum                     Ice/Necromancy               6
 G - the Incunabulum of Igneous Confrontation
   (You found it in the Dungeon)

   Spells                             Type                      Level
   a - Flame Tongue                   Conjuration/Fire             1
   b - Throw Frost                    Conjuration/Ice              2
   c - Bolt of Magma                  Conjuration/Fire/Earth       5
   d - Orb of Destruction             Conjuration                  7
 H - a book of Battle

   Spells                             Type                      Level
   a - Infusion                       Charms                       1
   b - Shroud of Golubria             Charms/Translocation         2
   c - Song of Slaying                Charms                       2
   d - Spectral Weapon                Hexes/Charms                 3
   e - Regeneration                   Charms/Necromancy            3
 I - a book of Party Tricks

   Spells                             Type                      Level
   a - Summon Butterflies             Summoning                    1
   b - Apportation                    Translocation                1
   c - Tukima's Dance                 Hexes                        3
   d - Alistair's Intoxication        Transmutation/Poison         4
   e - Invisibility                   Hexes                        6
Comestibles
 j - 2 fruits
 o - 27 royal jellies


   Skills:
 + Level 14.3 Short Blades
 + Level 18.1 Dodging
 * Level 25.7 Stealth
 * Level 20.8 Spellcasting
 + Level 10.2 Conjurations
 + Level 15.7 Hexes
 + Level 7.5 Charms
 + Level 11.3 Ice Magic
 + Level 4.8 Air Magic
 - Level 9.0 Invocations


You had one spell level left.
You knew the following spells:

 Your Spells              Type           Power        Failure   Level  Hunger
a - Corona                Hex            ######.      0%          1    None
b - Ensorcelled Hibernat  Hex/Ice        #####.       0%          2    None
c - Confuse               Hex            ######..     0%          3    None
d - Tukima's Dance        Hex            ######..     0%          3    None
e - Dazzling Spray        Conj/Hex       #####...     0%          3    None
f - Magic Dart            Conj           ####         0%          1    None
g - Searing Ray           Conj           #####.       0%          2    None
h - Fulminant Prism       Conj/Hex       #####.....   0%          4    None
i - Iskenderun's Mystic   Conj           #####...     1%          4    None
j - Iskenderun's Battles  Conj/Chrm      #####...     1%          5    #......
k - Invisibility          Hex            ######..     1%          6    ####...
l - Freezing Cloud        Conj/Ice/Air   #####.....   5%          6    ####...
m - Orb of Destruction    Conj           #####.....   24%         7    ######.
n - Bolt of Cold          Conj/Ice       #####.....   1%          6    ####...


Dungeon Overview and Level Annotations

Branches:
Dungeon (1/1)

Altars:
Cheibriados
Dithmenos
Elyvilon
Fedhas
Gozag
Kikubaaqudgha
Makhleb
Nemelex Xobeh
Okawaru
Qazlal
Ru
Sif Muna
Trog
Vehumet
Xom
Yredelemnul
Zin
The Shining One
Jiyva
Lugonu

Shops:
D =?[?(}(:!%?((=[(

Annotations:
D exclusions: orange crystal statue and 4 statues, Chuck, Mennas


Innate Abilities, Weirdness & Mutations

You are tiny and cannot use many weapons and most armour.
You have supernaturally acute eyesight.
You are a herbivore.
You cover ground extremely quickly.
You need consume almost no food.
You have very sharp teeth.
Armour fits poorly on your strangely shaped body.
Your muscles are strong. (Str +2)
Your spells are a little easier to cast, but a little less powerful.


Message History

* * * LOW HITPOINT WARNING * * *
Mennas blocks your attack.
Mennas is moderately wounded.
Mennas blocks your shadow's attack. Mennas blocks your attack.
You catch the helpless Mennas momentarily off-guard.
You spit Mennas like a pig!!! You bite Mennas, but do no damage.
Mennas is severely wounded.
Mennas is engulfed in freezing vapours.
Mennas drinks a potion.
Mennas is healed!
Mennas blocks your attack. x2
Mennas is severely wounded.
Your shadow hits Mennas with a rapier. You completely miss Mennas.
Mennas is severely wounded.
Your shadow barely misses Mennas.
Mennas is engulfed in freezing vapours.
Mennas hits you with an eudemon blade of holy wrath!!
* * * LOW HITPOINT WARNING * * *
Mennas hits you with an eudemon blade of holy wrath!
You die...

#.#§###..§#.∩∩∩∩.#.....#.#..
#.#+#§§§.§#.∩∩∩∩.#)....#.#.)
#)#..§§§§.#......#.#.#.+.#..
#.#...§§§§###++###..#..#.#..
#......§§.#.⌠..⌠.#.....#####
#########§#......###########
#.#.#.#.#§..§§§..#.|.#L#....
#.......§§.A§§§..#[..###....
#........§§@§§§..#.(..^..^.^
###§##############):........
#.§. ########### #P....
#.......... #..8.8..
▓+▓▓▓▓▓▓▓▓▓ .'......E' ▓.^#
###PP8.8.§## ▓..# ##....§##
▓..# ▓..#


You could see Mennas.

Vanquished Creatures
  Boris (D)
  Rupert (D)
  A deep elf master archer (D)
  Frances (D)
  An Executioner (D)
  Gastronok (D)
  A kraken (D)
  2 sphinxes (D)
  Maud (D)
  Wiglaf (D)
  A deep elf demonologist (D)
  2 dire elephants (D)
  A deep elf annihilator (D)
  A yaktaur captain (D)
  A deep elf death mage (D)
  2 mummy priests (D)
  A fire dragon (D)
  A deep elf high priest (D)
  A centaur warrior (D)
  Erolcha (D)
  An alligator snapping turtle (D)
  4 dancing weapons (D)
  4 death yaks (D)
  A deep elf knight (D)
  5 skeletal warriors (D)
  A deep elf summoner (D)
  A lindwurm (D)
  An orc knight (D)
  A crystal guardian (D)
  4 deep elf conjurers (D)
  An ugly thing (D)
  2 elephants (D)
  2 black mambas (D)
  2 spiny frogs (D)
  A komodo dragon (D)
  An anaconda simulacrum (D)
  2 guardian mummies (D)
  A fire drake (D)
  A deep elf priest (D)
  3 wandering mushrooms (D)
  A queen bee (D)
  3 spriggan defenders (D)
  A slime creature (shapeshifter) (D)
  3 orc high priests (D)
  8 blink frogs (D)
  4 slime creatures (D)
  4 redbacks (D)
  5 snapping turtles (D)
  2 trapdoor spiders (D)
  A shadow (D)
  A spatial vortex (D)
  2 hill giants (D)
  A swamp drake (D)
  An iron troll simulacrum (D)
  4 orc warriors (D)
  A necrophage (D)
  2 brain worms (D)
  3 two-headed ogres (D)
  A water elemental (D)
  32 killer bees (D)
  4 orc wizards (D)
  3 orc priests (D)
  A jelly (D)
  Jessica (D)
  A necromancer (D)
  A wizard (D)
  3 humans (D)
  A kobold demonologist (D)
  2 oozes (D)
  A phantom (D)
  7 orcs (D)
  A giant spore (D)
  A rat (D)
  2 ballistomycetes (D)
  6 bushes (D)
  A fungus (D)
  3 plants (D)
181 creatures vanquished.

Vanquished Creatures (others)
  3 deep elf blademasters (D)
  2 draconian scorchers (D)
  Nessos (D)
  A deep elf knight (D)
  A shadow wraith (D)
  A skeletal warrior (D)
  A ball lightning (D)
  2 hornets (D)
  3 yaktaurs (D)
  A spriggan defender (D)
  A wasp (D)
  An electric eel (D)
  17 giant spores (D)
  35 ballistomycetes (D)
  15 fulminant prisms (D)
  35 plants (D)
  8 tentacles (D)
  78 tentacle segments (D)
206 creatures vanquished.

Grand Total: 387 creatures vanquished

Notes
Turn   | Place    | Note
--------------------------------------------------------------
     0 | D        | Kidiri the Spriggan Enchanter began the quest for the Orb.
     0 | D        | Reached XP level 1. HP: 9/9 MP: 5/5
     4 | D        | Reached skill level 5 in Stealth
     7 | D        | Reached XP level 2. HP: 13/13 MP: 5/7
    11 | D        | Learned a level 2 spell: Ensorcelled Hibernation
    21 | D        | Killed a yaktaur
    30 | D        | Noticed Jessica
    33 | D        | Killed Jessica
    33 | D        | Reached skill level 6 in Stealth
    33 | D        | Reached skill level 1 in Ice Magic
    33 | D        | Reached XP level 3. HP: 16/16 MP: 8/10
    38 | D        | Learned a level 3 spell: Confuse
    42 | D        | Learned a level 3 spell: Tukima's Dance
    83 | D        | Reached skill level 7 in Stealth
   101 | D        | Gained mutation: You occasionally shout uncontrollably at your foes. [potion of mutation]
   101 | D        | Gained mutation: You tend to lose your temper in combat. [potion of mutation]
   101 | D        | Gained mutation: You are partially covered in slimy green scales (AC +2). [potion of mutation]
   102 | D        | Lost mutation: You tend to lose your temper in combat. [potion of cure mutation]
   102 | D        | Lost mutation: You occasionally shout uncontrollably at your foes. [potion of cure mutation]
   102 | D        | Lost mutation: You are partially covered in slimy green scales (AC +2). [potion of cure mutation]
   103 | D        | Gained mutation: Your spells are a little easier to cast, but a little less powerful. [potion of mutation]
   103 | D        | Gained mutation: Your muscles are strong. (Str +2) [potion of mutation]
   103 | D        | Gained mutation: You have very sharp teeth. [potion of mutation]
   163 | D        | Reached skill level 5 in Spellcasting
   238 | D        | Killed a white draconian scorcher
   257 | D        | Killed a white draconian scorcher
   280 | D        | Noticed a water elemental
   290 | D        | Killed a water elemental
   290 | D        | Reached skill level 5 in Dodging
   290 | D        | Reached skill level 8 in Stealth
   290 | D        | Reached skill level 5 in Hexes
   290 | D        | Reached XP level 4. HP: 21/21 MP: 11/13
   349 | D        | Learned a level 3 spell: Dazzling Spray
   359 | D        | Noticed a jelly
   360 | D        | Noticed a shadow
   362 | D        | Killed a shadow
   362 | D        | Reached skill level 10 in Stealth
   362 | D        | Reached skill level 1 in Conjurations
   362 | D        | Reached XP level 5. HP: 24/24 MP: 14/16
   362 | D        | Reached XP level 6. HP: 28/28 MP: 14/17
   366 | D        | Killed a jelly
   371 | D        | Found a stormy altar of Qazlal.
   371 | D        | Found a sacrificial altar of Ru.
   371 | D        | Found a burning altar of Makhleb.
   371 | D        | Found a shimmering altar of Xom.
   372 | D        | Noticed a spatial vortex
   372 | D        | Found a viscous altar of Jiyva.
   372 | D        | Found a shadowy altar of Dithmenos.
   372 | D        | Found a sparkling altar of Nemelex Xobeh.
   372 | D        | Found a corrupted altar of Lugonu.
   372 | D        | Found an opulent altar of Gozag.
   373 | D        | Killed a spatial vortex
   373 | D        | Reached skill level 5 in Short Blades
   373 | D        | Reached skill level 11 in Stealth
   378 | D        | Became a worshipper of Dithmenos the Shadowed
   405 | D        | Found a radiant altar of Vehumet.
   406 | D        | Found a deep blue altar of Sif Muna.
   406 | D        | Found an ancient bone altar of Kikubaaqudgha.
   406 | D        | Noticed a wizard
   407 | D        | Killed a wizard
   418 | D        | Learned a level 1 spell: Magic Dart
   421 | D        | Learned a level 2 spell: Searing Ray
   426 | D        | Learned a level 4 spell: Fulminant Prism
   491 | D        | Found a glowing silver altar of Zin.
   492 | D        | Found a glowing golden altar of the Shining One.
   492 | D        | Found a white marble altar of Elyvilon.
   492 | D        | Noticed a deep elf priest
   494 | D        | Killed a deep elf priest
   494 | D        | Reached skill level 12 in Stealth
   494 | D        | Reached XP level 7. HP: 32/32 MP: 19/21
   505 | D        | Found an iron altar of Okawaru.
   506 | D        | Found a bloodstained altar of Trog.
   506 | D        | Noticed a human
   506 | D        | Noticed a human
   508 | D        | Killed a human
   508 | D        | Reached skill level 10 in Spellcasting
   509 | D        | Killed a human
   509 | D        | Acquired Dithmenos's first power
   509 | D        | Reached skill level 13 in Stealth
   533 | D        | Found a basalt altar of Yredelemnul.
   533 | D        | Found a snail-covered altar of Cheibriados.
   533 | D        | Found a blossoming altar of Fedhas.
   533 | D        | Noticed a necrophage
   533 | D        | Noticed a necromancer
   535 | D        | Killed a necrophage
   535 | D        | Reached XP level 8. HP: 36/36 MP: 23/23
   536 | D        | Killed a necromancer
   542 | D        | Learned a level 4 spell: Iskenderun's Mystic Blast
   560 | D        | Noticed a two-headed ogre
   560 | D        | Noticed a two-headed ogre
   564 | D        | Killed a two-headed ogre
   566 | D        | Killed a two-headed ogre
   569 | D        | Noticed a two-headed ogre
   570 | D        | Killed a two-headed ogre
   570 | D        | Acquired Dithmenos's second power
   575 | D        | Noticed a hill giant
   578 | D        | Killed a hill giant
   583 | D        | Noticed a hill giant
   583 | D        | Noticed Erolcha
   585 | D        | Killed Erolcha
   585 | D        | Reached skill level 10 in Dodging
   585 | D        | Reached skill level 14 in Stealth
   585 | D        | Reached skill level 5 in Ice Magic
   585 | D        | Reached XP level 9. HP: 39/39 MP: 23/25
   586 | D        | Killed a hill giant
   586 | D        | Acquired Dithmenos's third power
   604 | D        | Learned a level 5 spell: Iskenderun's Battlesphere
   604 | D        | Noticed a redback
   607 | D        | Killed a redback
   607 | D        | Reached skill level 15 in Stealth
   644 | D        | Noticed a trapdoor spider
   647 | D        | Killed a trapdoor spider
   647 | D        | Reached skill level 5 in Invocations
   667 | D        | Noticed a trapdoor spider
   670 | D        | Killed a trapdoor spider
   703 | D        | Noticed a killer bee
   703 | D        | Noticed a killer bee
   703 | D        | Noticed a killer bee
   703 | D        | Noticed a killer bee
   703 | D        | Noticed a killer bee
   703 | D        | Noticed a killer bee
   703 | D        | Noticed a killer bee
   703 | D        | Noticed a killer bee
   703 | D        | Noticed a killer bee
   703 | D        | Noticed a killer bee
   703 | D        | Noticed a killer bee
   703 | D        | Noticed a killer bee
   703 | D        | Noticed a killer bee
   703 | D        | Noticed a killer bee
   703 | D        | Noticed a killer bee
   705 | D        | Noticed a queen bee
   705 | D        | Killed a killer bee
   706 | D        | Noticed a killer bee
   707 | D        | Noticed a killer bee
   707 | D        | Noticed a killer bee
   707 | D        | Killed a killer bee
   708 | D        | Noticed a killer bee
   709 | D        | Noticed a killer bee
   709 | D        | Noticed a killer bee
   710 | D        | Noticed a killer bee
   710 | D        | Killed a killer bee
   711 | D        | Noticed a killer bee
   711 | D        | Noticed a killer bee
   712 | D        | Noticed a killer bee
   713 | D        | Noticed a killer bee
   714 | D        | Noticed a killer bee
   715 | D        | Noticed a killer bee
   715 | D        | Killed a killer bee
   715 | D        | Acquired Dithmenos's fourth power
   716 | D        | Noticed a killer bee
   717 | D        | Killed a killer bee
   720 | D        | Noticed a killer bee
   720 | D        | Killed a killer bee
   722 | D        | Killed a killer bee
   724 | D        | Noticed a killer bee
   861 | D        | Noticed a killer bee
   862 | D        | Killed a killer bee
   867 | D        | Killed a killer bee
   867 | D        | Reached skill level 16 in Stealth
   869 | D        | Killed a killer bee
   873 | D        | Killed a killer bee
   877 | D        | Killed a killer bee
   879 | D        | Killed a killer bee
  1016 | D        | Killed a killer bee
  1019 | D        | Killed a killer bee
  1019 | D        | Killed a killer bee
  1019 | D        | Killed a killer bee
  1019 | D        | Killed a killer bee
  1030 | D        | Killed a killer bee
  1031 | D        | Killed a killer bee
  1231 | D        | Killed a killer bee
  1235 | D        | Killed a killer bee
  1250 | D        | Killed a killer bee
  1252 | D        | Killed a killer bee
  1252 | D        | Reached skill level 5 in Conjurations
  1353 | D        | Killed a killer bee
  1363 | D        | Killed a queen bee
  1363 | D        | Reached XP level 10. HP: 44/44 MP: 21/28
  1376 | D        | Killed a killer bee
  1387 | D        | Killed a killer bee
  1389 | D        | Killed a killer bee
  1391 | D        | Killed a killer bee
  1400 | D        | Killed a killer bee
  1403 | D        | Killed a killer bee
  1403 | D        | Reached skill level 10 in Hexes
  1406 | D        | Killed a killer bee
  1524 | D        | Noticed a wandering mushroom
  1525 | D        | Noticed a wandering mushroom
  1525 | D        | Noticed a wandering mushroom
  1526 | D        | Killed a wandering mushroom
  1528 | D        | Killed a wandering mushroom
  1528 | D        | Reached skill level 17 in Stealth
  1529 | D        | Killed a wandering mushroom
  1568 | D        | Noticed a spiny frog
  1568 | D        | Noticed a komodo dragon
  1568 | D        | Noticed a spiny frog
  1571 | D        | Killed a komodo dragon
  1573 | D        | Killed a spiny frog
  1576 | D        | Killed a spiny frog
  1926 | D        | Noticed a redback
  1928 | D        | Killed a redback
  1929 | D        | Noticed a brain worm
  1932 | D        | Killed a brain worm
  1939 | D        | Noticed a brain worm
  1941 | D        | Killed a brain worm
  1948 | D        | Noticed a lindwurm
  1950 | D        | Noticed a redback
  1951 | D        | Killed a lindwurm
  1953 | D        | Killed a redback
  1959 | D        | Noticed a redback
  1960 | D        | Killed a redback
  1961 | D        | Noticed Maud
  1963 | D        | Killed Maud
  1963 | D        | Reached skill level 18 in Stealth
  1963 | D        | Reached XP level 11. HP: 47/47 MP: 30/30
  1994 | D        | Noticed a swamp drake
  1994 | D        | Noticed a fire drake
  1995 | D        | Killed a fire drake
  1997 | D        | Killed a swamp drake
  2002 | D        | Noticed a blink frog
  2002 | D        | Noticed a blink frog
  2002 | D        | Noticed a blink frog
  2002 | D        | Noticed a blink frog
  2002 | D        | Noticed a blink frog
  2006 | D        | Killed a blink frog
  2008 | D        | Killed a blink frog
  2010 | D        | Killed a blink frog
  2010 | D        | Reached skill level 10 in Short Blades
  2012 | D        | Killed a blink frog
  2037 | D        | Killed a blink frog
  2147 | D        | Noticed Rupert
  2149 | D        | Killed Rupert
  2149 | D        | Reached skill level 19 in Stealth
  2149 | D        | Reached skill level 15 in Spellcasting
  2173 | D        | Noticed a death yak
  2174 | D        | Noticed a death yak
  2174 | D        | Noticed a blink frog
  2175 | D        | Noticed a blink frog
  2185 | D        | Noticed a blink frog
  2190 | D        | Killed a blink frog
  2191 | D        | Noticed a death yak
  2191 | D        | Noticed a death yak
  2199 | D        | Killed a death yak
  2374 | D        | Noticed a black mamba
  2375 | D        | Killed a blink frog
  2376 | D        | Noticed a black mamba
  2385 | D        | Killed a death yak
  2547 | D        | Killed a black mamba
  2552 | D        | Killed a blink frog
  2556 | D        | Killed a black mamba
  2556 | D        | Reached skill level 20 in Stealth
  2680 | D        | Noticed an azure jelly
  2680 | D        | Noticed an azure jelly
  2687 | D        | Killed a yaktaur
  2811 | D        | Killed a death yak
  2818 | D        | Killed a death yak
  3021 | D        | Noticed a kraken
  3024 | D        | Noticed a snapping turtle
  3025 | D        | Noticed a snapping turtle
  3047 | D        | Killed a snapping turtle
  3047 | D        | Reached XP level 12. HP: 51/51 MP: 29/33
  3054 | D        | Noticed a snapping turtle
  3058 | D        | Killed a kraken
  3064 | D        | Killed a snapping turtle
  3073 | D        | Noticed a snapping turtle
  3140 | D        | Killed a snapping turtle
  3174 | D        | Noticed an alligator snapping turtle
  3178 | D        | Killed a snapping turtle
  3217 | D        | Noticed an azure jelly
  3217 | D        | Noticed an azure jelly
  3395 | D        | Noticed a snapping turtle
  3398 | D        | Killed a snapping turtle
  3426 | D        | Found Beacahoj's Jewellery Shoppe.
  3426 | D        | Found Unuehah's Magic Scroll Boutique.
  3426 | D        | Found Fyogaj's Antique Armour Shop.
  3432 | D        | Killed an alligator snapping turtle
  3432 | D        | Reached skill level 21 in Stealth
  3440 | D        | Got a barnacled rune of Zot
  3497 | D        | Noticed an elephant
  3497 | D        | Noticed an elephant
  3497 | D        | Noticed a dire elephant
  3497 | D        | Noticed a dire elephant
  3497 | D        | Noticed Gastronok
  3518 | D        | Killed a dire elephant
  3541 | D        | Killed a dire elephant
  3543 | D        | Killed an elephant
  3546 | D        | Killed an elephant
  3604 | D        | Killed Gastronok
  3604 | D        | Reached skill level 15 in Dodging
  3786 | D        | Found Namaug's Magic Scroll Boutique.
  3787 | D        | Noticed an orc priest
  3788 | D        | Noticed an orc wizard
  3788 | D        | Noticed an orc knight
  3788 | D        | Noticed an orc wizard
  3788 | D        | Noticed an orc warrior
  3788 | D        | Noticed an orc warrior
  3788 | D        | Noticed an orc warrior
  3788 | D        | Noticed an orc wizard
  3788 | D        | Noticed an orc warrior
  3788 | D        | Noticed an orc priest
  3788 | D        | Noticed an orc wizard
  3789 | D        | Killed an orc priest
  3790 | D        | Killed an orc warrior
  3801 | D        | Killed an orc warrior
  3803 | D        | Killed an orc knight
  3806 | D        | Killed an orc warrior
  3807 | D        | Killed an orc warrior
  3809 | D        | Killed an orc wizard
  3840 | D        | Killed an orc priest
  3840 | D        | Killed a yaktaur
  3846 | D        | Killed an orc wizard
  3848 | D        | Killed an orc wizard
  3882 | D        | Killed an orc wizard
  3882 | D        | Reached skill level 22 in Stealth
  4020 | D        | Noticed a deep elf conjurer
  4020 | D        | Noticed a deep elf summoner
  4020 | D        | Noticed a deep elf knight
  4020 | D        | Noticed a deep elf knight
  4020 | D        | Noticed a deep elf conjurer
  4031 | D        | Killed a deep elf knight
  4031 | D        | Killed a deep elf conjurer
  4033 | D        | HP: 2/51 [suicidal targeting (8)]
  4034 | D        | Killed a deep elf knight
  4038 | D        | Killed a deep elf summoner
  4042 | D        | Killed a deep elf conjurer
  4044 | D        | Noticed a deep elf conjurer
  4045 | D        | Noticed a deep elf conjurer
  4172 | D        | Killed a deep elf conjurer
  4174 | D        | Noticed a deep elf high priest
  4198 | D        | Noticed a deep elf demonologist
  4198 | D        | Noticed a deep elf annihilator
  4200 | D        | Noticed a deep elf death mage
  4204 | D        | Killed a deep elf conjurer
  4207 | D        | Killed a deep elf demonologist
  4207 | D        | Reached XP level 13. HP: 55/55 MP: 22/36
  4212 | D        | Killed a deep elf high priest
  4242 | D        | Noticed a deep elf master archer
  4375 | D        | Killed a deep elf master archer
  4375 | D        | Reached skill level 23 in Stealth
  4870 | D        | Killed a deep elf death mage
  4878 | D        | Killed a deep elf annihilator
  4878 | D        | Reached skill level 10 in Ice Magic
  5112 | D        | Noticed Wiglaf
  5112 | D        | Noticed Frances
  5114 | D        | Killed Wiglaf
  5115 | D        | Killed Frances
  5126 | D        | Noticed an orc high priest
  5126 | D        | Noticed an orc high priest
  5127 | D        | Noticed an orc priest
  5127 | D        | Noticed an orc high priest
  5128 | D        | Killed an orc high priest
  5129 | D        | Killed an orc high priest
  5131 | D        | Killed an orc priest
  5132 | D        | Killed an orc high priest
  5176 | D        | Noticed an orange crystal statue
  5180 | D        | Noticed a spriggan defender
  5181 | D        | Noticed a spriggan defender
  5181 | D        | Noticed a spriggan defender
  5181 | D        | Noticed a spriggan defender
  5205 | D        | Killed a spriggan defender
  5255 | D        | Killed a spriggan defender
  5280 | D        | Killed a ball lightning
  5400 | D        | Killed a spriggan defender
  5487 | D        | Noticed a slime creature
  5489 | D        | Killed a slime creature
  5513 | D        | Noticed a fire dragon
  5515 | D        | Killed a fire dragon
  5534 | D        | Noticed a centaur warrior
  5534 | D        | Noticed a slime creature
  5537 | D        | Killed a slime creature
  5537 | D        | Reached skill level 24 in Stealth
  5539 | D        | Killed a centaur warrior
  5540 | D        | Killed a shadow wraith
  5554 | D        | Got a clouded granite ring
  5555 | D        | Identified the ring of Apuss {*Contam +Fly rC+ Str+2} (You found it in the Dungeon)
  5643 | D        | Noticed a yaktaur
  5725 | D        | Identified the Incunabulum of Igneous Confrontation
  5742 | D        | Got an ancient amber ring
  5744 | D        | Identified the ring of Eruegoq {SustAt *Confuse rF+ MP+9 Dex-5} (You found it in the Dungeon)
  5778 | D        | Learned a level 6 spell: Invisibility
  5785 | D        | Learned a level 6 spell: Freezing Cloud
  5859 | D        | Killed a hornet
  5946 | D        | Noticed a long sword of holy wrath
  5946 | D        | Noticed a battleaxe of venom
  5947 | D        | Noticed a scimitar of electrocution
  5947 | D        | Noticed a battleaxe of venom
  5948 | D        | Killed a battleaxe of venom
  5948 | D        | Reached skill level 1 in Charms
  5949 | D        | Killed a long sword of holy wrath
  5949 | D        | Reached skill level 1 in Air Magic
  5968 | D        | Killed a battleaxe of venom
  5972 | D        | Killed a scimitar of electrocution
  6096 | D        | Noticed a slime creature
  6096 | D        | Noticed a slime creature
  6096 | D        | Noticed a red ugly thing
  6098 | D        | Killed a red ugly thing
  6100 | D        | Killed a slime creature
  6101 | D        | Noticed a yaktaur captain
  6103 | D        | Noticed a slime creature
  6104 | D        | Killed a slime creature
  6106 | D        | Killed a slime creature
  6129 | D        | Gained mutation: Armour fits poorly on your strangely shaped body. [mutagenic glow]
  6306 | D        | Killed a yaktaur captain
  6426 | D        | Killed a deep elf blademaster
  6556 | D        | Killed a skeletal warrior
  6613 | D        | Noticed a skeletal warrior
  6613 | D        | Noticed a skeletal warrior
  6613 | D        | Noticed a skeletal warrior
  6613 | D        | Noticed a skeletal warrior
  6613 | D        | Killed a deep elf blademaster
  6633 | D        | Killed a skeletal warrior
  6633 | D        | Reached skill level 15 in Hexes
  6640 | D        | Killed a skeletal warrior
  6662 | D        | Killed a deep elf blademaster
  6729 | D        | Killed a skeletal warrior
  6735 | D        | Killed a skeletal warrior
  6772 | D        | Killed Nessos
  6883 | D        | Noticed an ancient lich
  6983 | D        | Noticed a mummy priest
  6983 | D        | Noticed a mummy priest
  6984 | D        | Noticed a sphinx
  6984 | D        | Noticed a sphinx
  7056 | D        | Killed a spriggan defender
  7151 | D        | Killed a sphinx
  7470 | D        | Noticed a guardian mummy
  7470 | D        | Noticed a guardian mummy
  7481 | D        | Killed a mummy priest
  7481 | D        | Reached skill level 5 in Charms
  7482 | D        | Noticed a reaper
  7492 | D        | Killed an electric eel
  7495 | D        | Killed a reaper
  7794 | D        | Killed a guardian mummy
  7812 | D        | Killed a mummy priest
  7812 | D        | Reached XP level 14. HP: 43/56 MP: 7/39
  7968 | D        | Killed a sphinx
  7968 | D        | Reached skill level 25 in Stealth
  8030 | D        | Killed a guardian mummy
  8063 | D        | Noticed a mummy priest
  8117 | D        | Killed a hornet
  8122 | D        | Noticed Chuck
  8127 | D        | Killed a wasp
  8418 | D        | Noticed a skeletal warrior
  8425 | D        | Killed a skeletal warrior
  8434 | D        | Noticed Boris
  8435 | D        | Noticed a crystal guardian
  8487 | D        | Killed Boris
  8487 | D        | Reached skill level 10 in Conjurations
  8527 | D        | Learned a level 7 spell: Orb of Destruction
  8615 | D        | Killed a crystal guardian
  8763 | D        | Learned a level 6 spell: Bolt of Cold
  8813 | D        | Noticed an Executioner
  8829 | D        | Killed an Executioner
  8834 | D        | Noticed an anaconda simulacrum
  8836 | D        | Killed an anaconda simulacrum
  8945 | D        | Noticed an iron troll simulacrum
  8949 | D        | Killed an iron troll simulacrum
  9041 | D        | Noticed a fire elementalist statue
  9041 | D        | Noticed an earth elementalist statue
  9067 | D        | Found Loeklor's Weapon Shop.
  9067 | D        | Found Sorokk's Antique Weapon Shoppe.
  9067 | D        | Found Yficwewk's Food Emporium.
  9067 | D        | Found Hucie's Book Boutique.
  9067 | D        | Found Puta's Magic Scroll Emporium.
  9067 | D        | Found Wimukao's Antique Armour Shop.
  9067 | D        | Found Pab Muxt's Distillery.
  9067 | D        | Found Pucsaidy's Weapon Shoppe.
  9067 | D        | Found Togink's Jewellery Emporium.
  9067 | D        | Found Extienit's Gadget Shop.
  9067 | D        | Found Rosocs's Weapon Boutique.
  9067 | D        | Found Ziviot's Weapon Emporium.
  9112 | D        | Bought the ring "Takepran" {rPois MR++ MP+9 Dex+6} for 730 gold pieces
  9152 | D        | Noticed Mennas
  9171 | D        | Noticed a water elementalist statue
  9171 | D        | Noticed an air elementalist statue
  9264 | D        | Slain by Mennas

Vault maps used:
D:        dungeon_sprint_mu

Action                   |  1- 3 |  4- 6 |  7- 9 | 10-12 | 13-15 || total
-------------------------+-------+-------+-------+-------+-------++-------
Melee: Dagger            |    21 |     6 |    44 |   116 |    54 ||   241
       Quick blade       |       |       |       |       |    59 ||    59
       Rapier            |       |       |       |       |    52 ||    52
Throw: Throwing net      |       |       |       |       |     1 ||     1
 Cast: Ensorcelled Hiber |     6 |       |    46 |    61 |     5 ||   118
       Corona            |     1 |       |       |     2 |     2 ||     5
       Confuse           |       |       |     3 |    11 |    31 ||    45
       Fulminant Prism   |       |       |     3 |     7 |     5 ||    15
       Searing Ray       |       |       |     1 |     2 |       ||     3
       Dazzling Spray    |       |       |       |    60 |    33 ||    93
       Iskenderun's Batt |       |       |       |     3 |     7 ||    10
       Magic Dart        |       |       |       |     3 |     8 ||    11
       Freezing Cloud    |       |       |       |       |    18 ||    18
       Invisibility      |       |       |       |       |     7 ||     7
       Orb of Destructio |       |       |       |       |     5 ||     5
       Bolt of Cold      |       |       |       |       |     1 ||     1
Invok: Shadow Step       |       |       |     1 |     6 |     8 ||    15
 Abil: Evoke Flight      |       |       |       |       |     2 ||     2
  Use: Potion            |     4 |       |       |     4 |     4 ||    12
       Scroll            |     4 |       |       |       |     1 ||     5
 Stab: Sleeping          |     6 |     6 |    30 |    50 |    16 ||   108
       Confused          |       |       |     2 |     1 |       ||     3
       Held in net/web   |       |       |     2 |       |     2 ||     4
       Invisible         |       |       |       |     9 |     7 ||    16
       Distracted        |       |       |       |       |     4 ||     4
  Eat: Bread ration      |       |       |       |     1 |       ||     1
       Royal jelly       |       |       |       |       |     5 ||     5
       Fruit             |       |       |       |       |     1 ||     1
